[Event "15th Arad Open 2022"]
[Site "Arad"]
[Date "2022.08.10"]
[Round "4.17"]
[White "Anghel, Iulian-Mihai"]
[Black "Matei-Catruna, Andrei"]
[Result "1-0"]
[ECO "D02"]
[WhiteElo "2015"]
[BlackElo "1338"]
[Annotator "NA RC"]
[PlyCount "85"]
[EventDate "2022.08.08"]
[EventType "swiss"]
[EventCountry "ROU"]
[SourceTitle "playchess.com"]
[Source "ChessBase"]
[SourceQuality "1"]
[TimeControl "5400+30"]

1. d4 Nf6 2. Bf4 d5 3. e3 e6 4. Nf3 c5 5. c3 Nc6 6. Nbd2 Bd6 7. Bg3 O-O 8. Bd3 b6 9. Qe2 Bb7 10. Rd1 Ne7 11. e4 dxe4 12. Nxe4 Nxe4 (12... Bxe4 $11 13. Bxe4 Nxe4 14. Qxe4 c4 $11) 13. Bxe4 Bxg3 $18 (13... Bxe4 $16 14. dxc5 Bxf3 15. Qxf3 bxc5 16. Bxd6 Re8) 14. Bxb7 Rb8 15. hxg3 Qe8 16. Be4 f5 17. Bc2 Ng6 18. Ng5 Rf6 19. Nxh7 Rf7 20. Ng5 Rf6 21. Bb3 Nf8 22. d5 Rd8 23. dxe6 Rxd1+ 24. Kxd1 Qe7 25. Qh5 Rh6 26. Qf7+ Qxf7 27. exf7+ Kh8 28. Rxh6+ gxh6 29. Ne6 Nxe6 30. Bxe6 Kg7 31. Ke2 Kf8 32. Kf3 Ke7 33. Bb3 a6 34. Kf4 Kf8 35. Kxf5 b5 36. Kg6 a5 37. g4 c4 38. Bc2 b4 39. f4 h5 40. g5 b3 41. Kf6 bxc2 42. g6 c1=Q 43. g7# 1-0

[Event "15th Arad Open 2022"]
[Site "Arad"]
[Date "2022.08.10"]
[Round "4.18"]
[White "Dinca, Ovidiu"]
[Black "Oltean, Cristian-Daniel"]
[Result "1-0"]
[ECO "B22"]
[WhiteElo "1831"]
[BlackElo "2158"]
[Annotator "TA"]
[PlyCount "83"]
[EventDate "2022.08.08"]
[EventType "swiss"]
[EventCountry "ROU"]
[SourceTitle "playchess.com"]
[Source "ChessBase"]
[SourceQuality "1"]
[TimeControl "5400+30"]

1. e4 c5 2. c3 Nf6 3. e5 Nd5 4. d4 cxd4 5. Nf3 e6 6. cxd4 Nc6 7. Nc3 Nxc3 8. bxc3 d6 9. exd6 Bxd6 10. Bd3 h6 11. O-O O-O 12. Re1 {[%emt 0:00:13] B22: Sicilian: 2 c3.} Re8 13. Bc2 Bf8 ({Black should play} 13... Ne7) 14. Bf4 {[%emt 0:03:23] White is better.} Bd7 {[%emt 0:08:38] [#]} 15. Qd3 $146 {[%emt 0:04:29][%csl Gc2][%cal Rd3h7] [#]} ({Predecessor:} 15. h4 Rc8 16. Qd3 f5 17. h5 a6 18. a4 Na5 19. Ne5 Nc6 20. Nxd7 Qxd7 21. Bb3 {1-0 (57) Formanek,E (2350)-Poschel,P (2260) Chicago 1986}) 15... g6 16. h4 Qf6 (16... e5 $142) 17. Qd2 (17. Be5 $142 Nxe5 18. Nxe5) 17... Qg7 $16 18. Rab1 b6 19. Ne5 Nxe5 20. Bxe5 ({Don't take} 20. Rxe5 Rac8 $14) 20... f6 21. Bg3 {[%emt 0:01:14] White is much more active.} Rad8 22. Qd3 g5 (22... e5 $142) 23. hxg5 hxg5 24. Bb3 Bc8 (24... Kh8 $142) 25. Re3 Bd6 {Against f4} (25... Qh7 $16 {is a better defense.}) 26. Rbe1 $18 Bxg3 27. Rxg3 {[%emt 0:00:30] Hoping for f4.} ({Don't play} 27. fxg3 $6 Qh7 $16) 27... Kf8 28. Rge3 Rd6 (28... e5 $16 29. Qe2 Be6 30. dxe5 f5) 29. Qe2 Qf7 (29... g4 $142 30. Re4 f5) 30. Rh3 {[%emt 0:00:30] [#] Strongly threatening Qd3.} Bb7 $2 (30... Ke7 31. Qe4 Rg8) 31. Bc2 f5 32. g4 Rdd8 $2 (32... Qg7 33. gxf5 e5) 33. gxf5 e5 34. f6 Qxf6 35. dxe5 Qc6 36. Qg4 Re7 37. Be4 (37. Rh8+ $142 Kg7 38. Rh7+ Kf8 39. Qf5+ Kg8 40. Qxg5+ Kf8 41. Qxe7+ Kg8 42. Qg7#) 37... Rxe5 38. Qf3+ {[%emt 0:00:30] White mates.} Kg8 39. Bxc6 Rxe1+ 40. Kh2 Bxc6 41. Qxc6 Rdd1 42. Qg6+ {[%emt 0:00:30] Weighted Error Value: White=0.45/Black=0.76} 1-0

[Event "15th Arad Open 2022"]
[Site "Arad"]
[Date "2022.08.10"]
[Round "4.19"]
[White "Rujan, Rodel-Marinel"]
[Black "Oltean, Cristian-Daniel"]
[Result "0-1"]
[ECO "B50"]
[WhiteElo "1785"]
[BlackElo "2158"]
[Annotator "TA"]
[PlyCount "55"]
[EventDate "2022.08.08"]
[EventType "swiss"]
[EventCountry "ROU"]
[SourceTitle "playchess.com"]
[Source "ChessBase"]
[SourceQuality "1"]
[TimeControl "5400+30"]

1. e4 c5 2. Nf3 d6 3. c3 Nf6 4. Be2 e6 5. O-O Nc6 6. d3 Be7 7. Re1 O-O 8. Bf1 {[%emt 0:00:10] B50: Sicilian: 2...d6, Miscellaneous.} Qc7 9. a4 {[%emt 0:06:02] [#]} e5 $146 ({Predecessor:} 9... a6 10. Na3 Bd7 11. h3 Na7 12. Bf4 b5 13. e5 Nd5 14. exd6 Bxd6 15. Bxd6 Qxd6 {1-0 (26) Mendez Acosta,A (1996)-Baez Luis,A (1415) Santa Cruz de Tenerife 2017}) 10. Nbd2 {[%emt 0:01:14] The position is equal.} Be6 11. Nc4 h6 12. Qc2 Rfe8 13. Bd2 Bf8 14. Ne3 (14. b4 $11) 14... d5 $15 15. c4 dxe4 16. dxe4 Nd4 17. Nxd4 cxd4 18. Nd1 g6 {[%emt 0:08:50] Black is more active.} (18... Nd7 $17 19. b3 a5) 19. f3 Rac8 20. Rc1 (20. b4 $11) 20... a5 21. Nf2 Nd7 22. b3 Nc5 23. Nd3 Kh7 24. Nxc5 Bxc5 25. Bd3 Kg7 26. Kh1 {[%emt 0:00:12] Black is slightly better.} b6 27. Rf1 Bd6 28. Rce1 {[%emt 0:00:42] Weighted Error Value: White=0.15 (very precise) /Black=0.12 (very precise)} 0-1

[Event "15th Arad Open 2022"]
[Site "Arad"]
[Date "2022.08.10"]
[Round "4.19"]
[White "Rujan, Rodel-Marinel"]
[Black "Veneteanu, Mihai"]
[Result "*"]
[ECO "B50"]
[WhiteElo "1785"]
[BlackElo "2025"]
[Annotator "NA RC"]
[PlyCount "55"]
[EventDate "2022.08.08"]
[EventType "swiss"]
[EventCountry "ROU"]
[SourceTitle "playchess.com"]
[Source "ChessBase"]
[SourceQuality "1"]
[TimeControl "5400+30"]

1. e4 c5 2. Nf3 d6 3. c3 Nf6 4. Be2 e6 5. O-O Nc6 6. d3 Be7 7. Re1 O-O 8. Bf1 Qc7 9. a4 e5 10. Nbd2 Be6 11. Nc4 h6 12. Qc2 Rfe8 $11 13. Bd2 Bf8 14. Ne3 d5 15. c4 dxe4 16. dxe4 Nd4 17. Nxd4 cxd4 18. Nd1 g6 19. f3 Rac8 20. Rc1 a5 21. Nf2 Nd7 22. b3 Nc5 23. Nd3 Kh7 24. Nxc5 Bxc5 25. Bd3 Kg7 26. Kh1 b6 27. Rf1 Bd6 28. Rce1 *

[Event "15th Arad Open 2022"]
[Site "Arad"]
[Date "2022.08.10"]
[Round "4.20"]
[White "Zubac, Marius"]
[Black "Parasca, Claudiu"]
[Result "0-1"]
[ECO "D00"]
[WhiteElo "2025"]
[BlackElo "1784"]
[Annotator "NA RC"]
[PlyCount "110"]
[EventDate "2022.08.08"]
[EventType "swiss"]
[EventCountry "ROU"]
[SourceTitle "playchess.com"]
[Source "ChessBase"]
[SourceQuality "1"]
[TimeControl "5400+30"]

1. d4 d5 2. Nc3 e6 3. f3 Nc6 4. Bf4 Bd6 5. Qd2 Qh4+ 6. g3 Bxf4 7. Qxf4 Qxf4 8. gxf4 Nxd4 9. O-O-O c5 10. e4 Nf6 11. exd5 exd5 12. Re1+ Be6 13. Bb5+ Nxb5 14. Nxb5 Kd7 15. Re5 Kc6 16. c4 d4 17. b4 b6 18. Na3 Nd7 19. b5+ Kd6 20. Rg5 g6 21. Ne2 $1 $11 {[%emt 0:00:40] and White stays safe.} Bf5 (21... a6 22. Re1) 22. Ng3 Be6 $2 (22... Bh3 $19 23. Ne4+ Kc7) 23. f5 $2 gxf5 24. Nxf5+ Bxf5 25. Rxf5 f6 26. Rd5+ Kc7 27. Re1 $19 (27. f4 $142) 27... Rae8 28. Rxe8 Rxe8 29. Rh5 Re7 (29... Re1+ $142 30. Kc2 Re2+ 31. Kd1 Rxa2) 30. Rh6 (30. Nb1 $142) 30... Kd6 31. Kd2 Ke5 32. Nc2 Kf4 33. Ne1 Kg5 34. Rh3 Ne5 35. Rg3+ Kf5 36. Ng2 Nxc4+ 37. Kd3 Ne5+ 38. Kd2 Ng6 39. Rg4 h5 40. Rg3 c4 41. Rh3 Rh7 42. Nh4+ Nxh4 43. Rxh4 Ke5 44. Re4+ Kd5 45. Rf4 Rh6 46. h4 Kc5 47. a4 Rg6 48. Rf5+ Kb4 49. Rxh5 Rg2+ 50. Kd1 d3 51. Rd5 Kc3 52. Ke1 Re2+ 53. Kf1 Rh2 54. h5 d2 55. Kg1 Rxh5 0-1

[Event "15th Arad Open 2022"]
[Site "Arad"]
[Date "2022.08.11"]
[Round "5.1"]
[White "Stanciu, Alexandru-Ovidiu"]
[Black "Ramoutar, Alan-Safar"]
[Result "1/2-1/2"]
[ECO "B13"]
[WhiteElo "2326"]
[BlackElo "2453"]
[Annotator "TA"]
[PlyCount "152"]
[EventDate "2022.08.08"]
[EventType "swiss"]
[EventCountry "ROU"]
[SourceTitle "playchess.com"]
[Source "ChessBase"]
[SourceQuality "1"]
[TimeControl "5400+30"]

1. e4 c6 2. d4 d5 3. exd5 cxd5 4. Nf3 Nc6 5. c3 a6 6. Bd3 {[%emt 0:07:51] B13: Caro-Kann: Exchange Variation and Panov-Botvinnik Attack.} Bg4 7. O-O e6 8. Bf4 Nge7 9. Nbd2 {[%emt 0:01:20] [#]} Bf5 $146 ({Predecessor:} 9... Ng6 10. Bg3 Bd6 11. Bxd6 Qxd6 12. g3 O-O 13. Re1 e5 14. dxe5 Ncxe5 15. Be2 f5 16. Nxe5 Nxe5 {1-0 (72) Ricci,A (1827)-Improta,G (1598) Chioggia 2017}) 10. Ne1 Ng6 11. Bg3 Nce7 12. Be2 Nc6 13. Bd3 Nge7 14. Bh4 {[%emt 0:33:20] White wants to play Bxf5.} Qd7 15. g4 Bxd3 16. Nxd3 Ng6 (16... h5 $11) 17. Bg3 $14 Bd6 18. f4 f5 (18... Nge7 $11) 19. Nf3 (19. gxf5 $16 exf5 20. Re1+ Nge7 21. Qh5+ g6 22. Qh6) 19... O-O 20. Ng5 ({Better is} 20. g5 $1 $14) 20... Rae8 21. gxf5 Rxf5 22. Qg4 Qe7 {[%emt 0:07:08] [#]} ({Black should play} 22... Nce7 $11) 23. Rae1 (23. Nxe6 $1 $14 Qf6 24. Ng5 (24. Nec5 h5 $11)) 23... Qf6 $1 $11 24. Ne5 (24. Kh1 $11) 24... Bxe5 $17 25. dxe5 Ncxe5 26. Qh5 (26. Qh3 $17 h6 27. Nxe6) 26... h6 $19 27. Rxe5 Rxe5 28. fxe5 Qxg5 29. Qxg5 hxg5 {[%emt 0:00:02][%mdl 4096] Endgame KRB-KRN} 30. Kg2 Rc8 31. Re1 Rc4 32. Kf3 g4+ 33. Kg2 Ne7 34. Re2 Nf5 35. Be1 Kf7 36. b3 Rf4 37. Bf2 b5 38. Bc5 Ke8 39. Bb4 Rf3 40. Kg1 g3 41. a4 (41. hxg3 $142 Rxg3+ 42. Kf1) 41... bxa4 42. bxa4 Re3 43. Rb2 Re1+ (43... Rxe5 $2 44. hxg3 Re4 45. Kf2 $19) 44. Kg2 gxh2 ({But not} 44... Rxe5 $2 45. hxg3 Re3 46. Kf2 $19) 45. Kxh2 Rxe5 46. Bc5 g5 47. a5 g4 48. Rb6 Re2+ 49. Kg1 g3 50. Rxa6 (50. Kf1 $142 Rc2 51. Rxa6) 50... Nh4 51. Kf1 {[%emt 0:00:12] Against Re1+} (51. Ra8+ $142 Kd7 52. Rf8 Rg2+ 53. Kh1) 51... Ra2 {[%emt 0:02:55] ( -> ...g2+)} 52. Rxe6+ Kf7 53. Re7+ Kg6 (53... Kf6 $142 54. Ke1 g2) 54. Re8 g2+ 55. Ke1 Rxa5 $2 (55... Nf3+ 56. Kd1 d4 57. Rg8+ Kf7 58. Rxg2 Rxg2 59. cxd4 Ke6) 56. Be3 $2 (56. Bf2 Kf7 57. Re3) 56... Kf7 57. Rh8 Nf3+ (57... Ra1+ $19 58. Ke2 Ra2+ 59. Kd3 Nf3 60. Rh7+ Kg8) 58. Ke2 $17 Ne5 {[%emt 0:00:29] White must now prevent ...Ra2+.} 59. Bg1 Ra2+ 60. Ke3 {[%emt 0:00:08] [#]} Ra1 (60... Rc2 $1 $17 61. Rd8 Rxc3+ 62. Kf2 Rc2+ 63. Kg3 Rd2) 61. Kf2 $11 Ra2+ 62. Kg3 Nd3 63. Rh6 Ne1 64. Rd6 {[%emt 0:00:25] The position is equal.} Rd2 65. c4 $1 Rd3+ 66. Kf2 {[%emt 0:00:03] [#]} dxc4 $1 67. Rxd3 (67. Rc6 {seems wilder.} Rf3+ 68. Kxe1 Rf1+ 69. Ke2) 67... Nxd3+ 68. Kxg2 {[%emt 0:00:03] KB-KN} Ke6 (68... c3 {is more complex.} 69. Be3 c2 70. Kf3 Kg6) 69. Kf3 Kd5 70. Ke2 Kc6 71. Bd4 Kb5 72. Kd2 Nb4 73. Bc3 Nd5 74. Bd4 Kb4 75. Kc2 c3 76. Bxc3+ Nxc3 {[%emt 0:03:09] White happily takes the draw.  Weighted Error Value: White=0.70/Black=0.51} 1/2-1/2

[Event "15th Arad Open 2022"]
[Site "Arad"]
[Date "2022.08.11"]
[Round "5.2"]
[White "David, Alexandru-Vasile"]
[Black "Sedlak, Nikola"]
[Result "1/2-1/2"]
[ECO "D52"]
[WhiteElo "2433"]
[BlackElo "2480"]
[Annotator "TA"]
[PlyCount "143"]
[EventDate "2022.08.08"]
[EventType "swiss"]
[EventCountry "ROU"]
[SourceTitle "playchess.com"]
[Source "ChessBase"]
[SourceQuality "1"]
[TimeControl "5400+30"]

1. d4 d5 2. c4 c6 3. Nf3 Nf6 4. Nc3 e6 5. Bg5 Nbd7 6. e3 Qa5 7. cxd5 exd5 8. Nd2 Bd6 {[%emt 0:00:25] 8...Be7 is becoming the main line.} 9. Bd3 {[%emt 0:00:34] D52: Queen's Gambit Declined: Cambridge Springs Variation.} O-O 10. O-O Re8 11. Qc2 {[%emt 0:00:13] White has an edge.} Qc7 12. Kh1 h6 13. Bh4 Nh5 {[%emt 0:09:33] [#]} 14. Be2 $146 (14. e4 $14) ({Predecessor:} 14. Rac1 Ndf6 15. Nb5 Qb8 16. Nxd6 Qxd6 17. Nf3 Re7 18. Kg1 g5 19. Bg3 Nxg3 20. hxg3 {0-1 (36) Holec,M (2309)-Ananskikh,E (2360) ICCF email 2013}) 14... Ndf6 $11 15. Rac1 g5 (15... Bxh2 16. Bxh5 (16. Nxd5 Nxd5 17. Bxh5 g5 $11) 16... g5 17. Bf3 $1 $16 (17. Nb5 Qd8 $11)) 16. Qd1 gxh4 17. Nb5 Qd8 18. Nxd6 Qxd6 19. Bxh5 Bf5 20. Be2 Kh8 21. Nf3 h3 {[%emt 0:00:11] aiming for ...hxg2+.} 22. g3 Be4 23. Kg1 Bxf3 24. Bxf3 Rg8 25. Be2 Rae8 26. Kh1 Rg5 27. Bd3 Qe7 28. Qf3 Kg7 29. Bf5 Ne4 30. Rc2 {[%emt 0:04:24] Prevents Nd2.} (30. Bxh3 Nd2 31. Qd1 Nxf1 32. Bxf1 Qd7 $15) (30. Qf4 $1 $16) 30... Qf6 31. Bxe4 dxe4 32. Qxf6+ Kxf6 {[%emt 0:00:06][%mdl 4096] Endgame KRR-KRR} 33. f3 Kg6 34. f4 Ra5 35. a3 f5 36. Kg1 Rb5 37. Kf2 Kf6 (37... a5 $1 $17) 38. Ke2 (38. Rb1 $11) 38... Ke6 ({Black should try} 38... Rb3 $17) 39. Rb1 $1 a5 40. a4 Rb4 41. Rc5 Ra8 42. b3 h5 43. Kd2 Rb6 (43... Ra6 $1 $11 {remains equal.}) 44. Rb2 (44. Kc3 $16) 44... Rba6 $2 (44... Raa6 $11) 45. Re5+ $18 Kf6 46. Rc2 $1 {[%emt 0:00:00] Rcc5 is the strong threat.} Rb6 47. Rcc5 Rxb3 48. Rxf5+ Ke6 49. Rce5+ Kd6 50. Rxh5 Rb2+ (50... b5 $142) 51. Kc3 Rxh2 52. Rh6+ ({Resist} 52. Rxe4 $6 Rd8 53. Kd3 (53. Rxa5 Rh1 $14) 53... Rh1 $18) 52... Kc7 53. f5 ({But not} 53. Rxe4 $6 Rd8 54. Kd3 Rh1 $18) 53... Rg8 54. Rxe4 Rxg3 {[%emt 0:00:00] [#]} 55. Re7+ (55. Rh7+ $1 $18 Kb6 56. Ree7) 55... Kb6 $16 {[%emt 0:00:00] [#]} 56. f6 (56. Kd3 $1 $16 {And now Rhh7 would win.} Ra2 57. Ke4) 56... Rf2 $2 (56... Rf3 $1 $14) 57. Rhh7 $18 Ka6 58. f7 $2 ({Better is} 58. Kc4 $18 Rg8 59. Rxb7) 58... Rgf3 $11 {[%emt 0:00:33] The position is equal.} 59. f8=Q Rxf8 60. Rxb7 {[%emt 0:00:04] White wants to mate with Ra7+.} Ra8 {[%emt 0:00:20] Prevents Ra7+.} 61. Rb1 {[%emt 0:00:38] Threatening mate with Rhb7.} Re8 $1 (61... h2 $2 {gets mated.} 62. Rhb7) 62. Rxh3 Ra2 {[%emt 0:00:16] Prevents Ra1.} 63. Kc4 Re6 $1 64. Rh8 Rxa4+ 65. Kc5 Rb4 $1 66. Rxb4 axb4 {[%emt 0:00:08] KR-KR} 67. Rh3 Ka5 $1 68. Rh8 Ka6 69. Rb8 Rxe3 70. Rxb4 Rc3+ 71. Rc4 Rxc4+ 72. Kxc4 {[%emt 0:01:00] Black escapes into a draw.  Weighted Error Value: White=0.30/Black=0.32} 1/2-1/2

[Event "15th Arad Open 2022"]
[Site "Arad"]
[Date "2022.08.11"]
[Round "5.3"]
[White "Ionescu, Mihai"]
[Black "Manolache, Marius"]
[Result "0-1"]
[ECO "A46"]
[WhiteElo "2250"]
[BlackElo "2469"]
[Annotator "TA"]
[PlyCount "83"]
[EventDate "2022.08.08"]
[EventType "swiss"]
[EventCountry "ROU"]
[SourceTitle "playchess.com"]
[Source "ChessBase"]
[SourceQuality "1"]
[TimeControl "5400+30"]

1. Nf3 d6 2. d4 Nf6 3. g3 c6 4. Bg2 g6 5. b3 a5 6. a4 {[%emt 0:00:11] A46: 1 d4 Nf6 2 Nf3 e6: Torre, London and Colle Systems.} Bg7 7. Bb2 {[%emt 0:00:17] [#]} h5 $146 ({Predecessor:} 7... Bf5 8. Nbd2 d5 9. O-O Na6 10. Ne5 Qc8 11. Re1 Bh3 12. Bh1 h5 13. e4 h4 {1-0 (50) Benkovic,P (2414)-Markovic,M (2535) Jahorina 2001}) 8. h4 {[%emt 0:02:11] White is slightly better.} Bf5 9. Nbd2 Ne4 10. O-O d5 11. Nxe4 Bxe4 12. Ne5 Nd7 13. Nxd7 {[%emt 0:02:22] Threatens to win with Bxe4.} Qxd7 14. Qd2 Bh6 15. f4 f5 16. e3 Kf7 17. Rf2 Bg7 18. Ba3 Bf6 19. Bf1 Rhc8 20. Rc1 b5 21. Bc5 bxa4 22. bxa4 Rcb8 23. Re2 Rb2 24. Qc3 Rb7 25. Ree1 Qc7 26. Rb1 Rab8 27. Rxb7 Rxb7 (27... Qxb7 $15 28. Ba3 (28. Qxa5 Bxc2 29. Qd2 Bxa4 $15) 28... Bg7) 28. Ra1 g5 29. hxg5 Bxg5 30. Qd2 Bf6 31. Qh2 $2 (31. Bd3 $11 {and White has nothing to worry.}) 31... h4 $1 $19 {[%emt 0:00:48] Strongly threatening ...Rb8.} 32. gxh4 (32. Qe2 {was necessary.} Rb8 33. Bg2 (33. Qh5+ $2 Kg7 $19)) 32... Qb8 $2 (32... Rb8 $1 $19 33. Bd3 Rg8+ 34. Kf1 Bxd3+ 35. cxd3 Qb8) 33. Qe2 $2 (33. Rc1 $17) 33... Qh8 ({Wrong is} 33... Qg8+ $2 34. Kh2 $19) 34. h5 Qg7+ 35. Bg2 Rb2 36. Rc1 Qg3 {[%emt 0:00:18] ( -> ...Bxg2)} 37. Qf2 (37. Kf1 $142 Bxc2 38. Kg1) 37... Qg4 38. Kf1 {[%emt 0:03:40] [#]} Bh4 (38... Rxc2 $142 $1 39. Qxc2 (39. Rxc2 Qd1+) 39... Bxc2 40. Bb6 Bd3+ 41. Kg1 Be4 42. Rc2 Qd1+ 43. Bf1 Qxc2 44. Bxa5 Bh4 45. Bd2 Qxd2 46. Be2 Qxe3+ 47. Kh2 Qg3#) 39. Qd2 {[%emt 0:00:11] [#]} Bf3 (39... Rxc2 $142 $1 40. Rxc2 Bxg2+ 41. Kg1 Bf3+ 42. Qg2 Bxg2 43. Rxg2 Qd1+ 44. Kh2 Qxh5 45. Kg1 Qf3 46. Bxe7 Qxe3+ 47. Kh1 Bxe7 48. Rh2 Qe4+ 49. Kg1 Qxd4+ 50. Kg2 Bc5 51. Rh7+ Kg6 52. Rh1 Qf2+ 53. Kh3 Qf3+ 54. Kh2 Qxf4+ 55. Kg2 Qg4+ 56. Kf1 Qf3+ 57. Ke1 Bb4#) 40. Kg1 Be4 (40... Rb8 $19 41. Rf1 Be2) 41. Kf1 $1 {[#]} Rxc2 $1 42. Rxc2 {[%emt 0:01:00] Weighted Error Value: White=0.82/Black=0.61} 0-1

[Event "15th Arad Open 2022"]
[Site "Arad"]
[Date "2022.08.11"]
[Round "5.4"]
[White "Srbis, Jurica"]
[Black "Magold, Victor"]
[Result "1-0"]
[ECO "E38"]
[WhiteElo "2472"]
[BlackElo "2074"]
[Annotator "TA"]
[PlyCount "75"]
[EventDate "2022.08.08"]
[EventType "swiss"]
[EventCountry "ROU"]
[SourceTitle "playchess.com"]
[Source "ChessBase"]
[SourceQuality "1"]
[TimeControl "5400+30"]

1. d4 Nf6 2. c4 e6 3. Nc3 Bb4 4. Qc2 c5 5. dxc5 Bxc5 6. Nf3 Be7 {[%emt 0:00:04] E38: Nimzo-Indian: Classical: 4...c5.} 7. Bf4 Nh5 8. Bg3 {[%emt 0:06:04] [#]} O-O $146 {[%emt 0:11:05] The position is equal.} ({Predecessor:} 8... Nxg3 9. hxg3 h6 10. e3 d6 11. O-O-O Nd7 12. g4 a6 13. g5 Bxg5 14. Nxg5 Qxg5 {1-0 (27) Nikolov,M (2565)-Bojchev,M (2400) Sofia 2010}) 9. Rd1 f5 10. e3 Nc6 11. Be2 Nxg3 12. hxg3 g6 13. a3 b6 14. e4 fxe4 (14... f4 $1 $11 {remains equal.}) 15. Nxe4 $16 {[%emt 0:00:17] Pair of Knights!} Bb7 (15... Bf6 $142) 16. Qd2 {[%emt 0:06:11] aiming for Qh6. 0x0.001eba8b9d35dp-1022s more active pieces.} Rf7 17. Kf1 d5 $2 {[%emt 0:05:07] Black cannot hold the game after this.} (17... Rg7 $16 {keeps fighting.}) 18. Neg5 $1 $18 (18. cxd5 $6 Qxd5 19. Qe3 (19. Qxd5 exd5 20. Nc3 Rd8 $14) 19... Qf5) 18... Bxg5 19. Nxg5 Re7 20. Bg4 $1 ({Weaker is} 20. cxd5 exd5 21. f4 (21. Qxd5+ $2 Qxd5 22. Rxd5 Rae8 $19) 21... Qd6 $14) 20... Bc8 21. cxd5 exd5 (21... Qxd5 22. Qe3 (22. Qxd5 exd5 23. Bf3 Ba6+ 24. Kg1 Bc4 $16) 22... Qc4+ 23. Be2 Qc5) 22. Bf3 $1 Ba6+ 23. Kg1 Bc4 24. Rh4 Bb3 25. Rc1 ({Less strong is} 25. Bxd5+ Bxd5 26. Qxd5+ Qxd5 27. Rxd5 Rd8 28. Rxd8+ Nxd8 $16) 25... Ne5 26. Rc3 Nxf3+ 27. Rxf3 Bc4 (27... Ba2 28. Rhf4 d4 29. Rxd4 Qe8) 28. b3 Ba6 29. Re3 Rd7 30. Ne6 (30. Re6 $142) 30... Qf6 $2 (30... Qc8 31. Ng5 Qf8) 31. Rf4 Qa1+ 32. Kh2 {[%emt 0:00:10] White threatens Qb4 and mate.} d4 {[%emt 0:03:24] [#]} 33. Ref3 (33. Qb4 $142 $1 h6 34. Ref3 g5 35. Rf8+ Kh7 36. Rxa8 Rf7 37. Rxf7+ Kg6 {[#]} 38. Nf4+ $1 gxf4 39. Qd6+ Kxf7 40. Rxa7+ Bb7 41. Rxb7+ Kg8 42. Qd8#) 33... h5 34. Rf8+ {[%emt 0:00:38] White mates.} Rxf8 35. Rxf8+ Kh7 {[%emt 0:00:04] [#]} 36. Rh8+ $3 Kxh8 37. Qh6+ Kg8 38. Qf8+ {[%emt 0:00:04] Weighted Error Value: White=0.21 (precise) /Black=1.03} 1-0

[Event "15th Arad Open 2022"]
[Site "Arad"]
[Date "2022.08.11"]
[Round "5.5"]
[White "Ciocani, Iosif"]
[Black "Secheres, Adrian-Simion"]
[Result "0-1"]
[ECO "C55"]
[WhiteElo "2012"]
[BlackElo "2360"]
[Annotator "TA"]
[PlyCount "82"]
[EventDate "2022.08.08"]
[EventType "swiss"]
[EventCountry "ROU"]
[SourceTitle "playchess.com"]
[Source "ChessBase"]
[SourceQuality "1"]
[TimeControl "5400+30"]

1. e4 e5 2. Nf3 Nc6 3. Bc4 Nf6 4. d3 Be7 5. O-O O-O 6. Nc3 d6 7. a4 {[%emt 0:00:47] 7.a3 is setting a new trend. C55: Two Knights: 4 d3, 4 d4 exd4 5 e5 and Max Lange Attack.} Na5 8. Ba2 c5 9. Bg5 {[%emt 0:00:38] White is slightly better.} Nc6 10. Bxf6 Bxf6 11. Nd5 Be6 {[%emt 0:00:00] [#]} 12. Qd2 $146 ({Predecessor:} 12. c3) 12... Rb8 13. c3 h6 14. b4 cxb4 15. cxb4 Bg5 16. Nxg5 Qxg5 17. f4 exf4 18. Rxf4 Nd4 {[%emt 0:00:00][%cal Od4f3] And now ...Nf3+! would win.} 19. Raf1 {[%emt 0:08:06] Prevents Nf3+.} Kh7 20. Ne3 Rfc8 21. Bc4 a6 22. Bxe6 fxe6 23. h3 b5 24. a5 (24. axb5 $11 axb5 25. Rg4) 24... Rc7 25. e5 (25. h4 $15 {was preferrable.} Qh5 26. Kh2) 25... dxe5 $17 ({Resist} 25... Qxe5 26. Re4 Nb3 27. Qf2 $16) 26. Rg4 Qe7 {[%emt 0:00:00] Black is more active.} 27. Qe1 $2 {[%emt 0:00:00] [#]} (27. Re4 $17 {was called for.}) 27... Rf8 (27... Rc1 $3 $19 28. Nd1 (28. Rxg7+ $2 Qxg7 29. Qxc1 Ne2+ 30. Kh1 Nxc1 $19) (28. Qd2 Rbc8) 28... Rf8 29. Rxf8 Qxf8) 28. Kh2 Rxf1 29. Nxf1 {[%emt 0:00:00] [#]} Qf6 ({Black should play} 29... h5 $1 $17 30. Qe4+ Kg8) 30. Ng3 $1 $11 Rc2 31. Qe4+ g6 $1 {[%emt 0:00:26] aiming for ...Nf3+.} 32. Qb7+ (32. h4 $1 $11) 32... Qg7 $17 33. Qe4 Qf7 $36 {[%emt 0:00:38][%mdl 2048] White must now prevent ...Nf3+. Black is on the roll.} 34. h4 $2 (34. Kh1 $17) 34... h5 $19 35. Nxh5 Re2 36. Nf6+ Qxf6 37. Qb7+ Kh6 {[%emt 0:00:59] ( -> ...Qf1)} 38. h5 gxh5 {[%emt 0:00:50] Black mates.} 39. Rg3 Nf5 40. Rh3 Qg5 41. Qf3 Qf4+ {[%emt 0:00:00] Weighted Error Value: White=0.78/Black=0.16 (very precise)} 0-1

[Event "15th Arad Open 2022"]
[Site "Arad"]
[Date "2022.08.11"]
[Round "5.6"]
[White "Ardeleanu, Alin"]
[Black "Anghel, Iulian-Mihai"]
[Result "1/2-1/2"]
[ECO "C65"]
[WhiteElo "2290"]
[BlackElo "2015"]
[Annotator "TA"]
[PlyCount "37"]
[EventDate "2022.08.08"]
[EventType "swiss"]
[EventCountry "ROU"]
[SourceTitle "playchess.com"]
[Source "ChessBase"]
[SourceQuality "1"]
[TimeControl "5400+30"]

1. e4 e5 2. Nf3 Nc6 3. Bb5 Nf6 4. d3 Bc5 5. Bxc6 dxc6 6. O-O {[%emt 0:06:30] C65: Ruy Lopez: Berlin Defence (3...Nf6), unusual lines and 4 0-0 Bc5.} Qe7 7. Nbd2 Bg4 8. h3 Bh5 9. Nc4 Nd7 10. a3 Bd6 11. b4 O-O 12. g4 Bg6 {[%emt 0:00:09] [#]} 13. Kg2 $146 ({Predecessor:} 13. Bb2 Qe6 14. Nh4 b5 15. Ne3 a5 16. Qd2 axb4 17. axb4 c5 18. bxc5 Nxc5 19. Nef5 {0-1 (71) Le,Q (2713)-Karjakin,S (2754) Bucharest 2019}) 13... c5 14. Bg5 f6 15. Bd2 cxb4 {[%emt 0:08:03] The position is equal.} 16. Nxd6 Qxd6 17. axb4 c5 18. bxc5 Nxc5 19. Bb4 {[%emt 0:01:30] A rather calm draw.  Weighted Error Value: White=0.09 (flawless) /Black=0.06 (flawless)} 1/2-1/2